 Dungeon Crawl Stone Soup version 0.25-a0-860-gf695395b5c (webtiles) character file.

Game seed: 2443715247497567450, levelgen mode: deterministic

520 Gumption the Shield-Bearer (level 7, 0/44 HPs)
             Began as a Gargoyle Fighter on Apr 29, 2020.
             Slain by an ogre
             ... wielding a +0 giant club
              (21 damage)
             ... on level 4 of the Dungeon.
             The game lasted 00:24:06 (4205 turns).

Gumption the Shield-Bearer (Gargoyle Fighter)       Turns: 4205, Time: 00:24:06

Health: 0/44       AC: 13    Str: 21    XL:     7   Next: 21%
Magic:  7/7        EV:  7    Int:  9    God:
Gold:   227        SH: 11    Dex:  9    Spells: 6/6 levels left

rFire    . . .     SeeInvis .   a - +0 flail
rCold    . . .     Gourm    .   c - +1 kite shield
rNeg     + . .     Faith    .   b - +0 scale mail
rPois    ∞         Spirit   .   u - +0 helmet
rElec    +         Reflect  .   (no cloak)
rCorr    .         Harm     .   (no gloves)
MR       .....                  (no boots)
Stlth    ..........             (no amulet)
HPRegen  0.14/turn              n - ring of wizardry
MPRegen  0.10/turn              (no ring)

@: no status effects
A: negative energy resistance 1, electricity resistance, unbreathing,
petrification resistance, rot immunity, AC +4
a: no special abilities


You were on level 4 of the Dungeon.
You were not hungry.

You visited 1 branch of the dungeon, and saw 4 of its levels.

You collected 227 gold pieces.

Inventory:

Hand Weapons
 a - a +0 flail (weapon)
Missiles
 i - 7 javelins (quivered)
 m - 214 stones
 p - 17 sling bullets
 v - 3 boomerangs
Armour
 b - a +0 scale mail (worn)
 c - a +1 kite shield (worn)
 u - a +0 helmet (worn)
Jewellery
 d - a +2 amulet of reflection {unknown}
 n - a ring of wizardry (left hand)
Wands
 q - a wand of flame (11)
Scrolls
 f - a scroll of fear
 h - 3 scrolls of identify
 k - 3 scrolls of remove curse
 l - a scroll of noise {unknown}
 t - a scroll of enchant armour
Potions
 g - 3 potions of curing
 o - a potion of degeneration {unknown}
 r - a potion of resistance {unknown}
 s - a potion of flight {unknown}
 w - a potion of cancellation {unknown}
Comestibles
 e - 6 rations
 j - 2 chunks of flesh


   Skills:
 + Level 4.6 Fighting
 * Level 4.6 Maces & Flails
 + Level 4.6 Armour
 * Level 5.7 Shields


You had 6 spell levels left.
You didn't know any spells.
Your spell library was empty.

Dungeon Overview and Level Annotations

Branches:
Dungeon (4/15)
 Temple: D:4-7

Altars:


Innate Abilities, Weirdness & Mutations

You are resistant to torment.
Your stone body is resilient. (AC +4)
You are immune to poison.
You resist negative energy. (rN+)
You are resistant to electric shocks. (rElec)
You can survive without breathing.
You are immune to petrification.
You are immune to rotting.


Message History

You block the leopard gecko's attack. The leopard gecko closely misses you.
The leopard gecko bites you but does no damage.
You block the ogre's attack.
You sock the leopard gecko!
You kill the leopard gecko!
You sock the ogre!
The ogre is heavily wounded.
You block the ogre's attack.
You hit the ogre but do no damage.
The ogre is heavily wounded.
The ogre hits you with a +0 giant club!
You completely miss the ogre.
The ogre is heavily wounded.
The ogre hits you with a +0 giant club!
* * * LOW HITPOINT WARNING * * *
You thump the ogre!
The ogre is almost dead.
The ogre hits you with a +0 giant club!!
You die...

###.#...####,,,,,,,,.........#
).)........+,,,,,,,,.........#
#####...####,,,,,,,,.####....####
# ##..# **,,,,,,,** ##......# #
##.# **,,,,,** #.#.##.# # #.#
**,,,** #.#.##.# # #.# *#+#*
#.#.##.# #.# #.# #.#.##.# #.# #@#
#.#.##.# #.########O#####
#.#.##.# #.##...........##
#......# ****#.##.###........#
###.#### *,,>...,,* #..#####.#
#.# *,**#.#*,**#..# #.######.#
*,* #..,,,....# #........# *,*
###*,###..# #.########
*,******,**#..#***#.#


You could see an ogre.

Vanquished Creatures
  Sigmund (D:3)
  A crimson imp (D:2)
  An orc wizard (D:3)
  An orc priest (D:3)
  Jessica (D:3)
  Natasha (thrice) (D:3)
  Robin (D:4)
  5 adders
  An ooze (D:2)
  4 dart slugs
  4 leopard geckos
  7 orcs (D:3)
  2 giant cockroaches
  17 goblins
  8 hobgoblins
  3 jackals (D:3)
  9 kobolds
  3 ball pythons
  9 bats
  2 frilled lizards (D:2)
  11 rats
94 creatures vanquished.

Notes
Turn   | Place    | Note
-------+----------+-------------------------------------------
     0 | D:1      | Gumption the Gargoyle Fighter began the quest for the Orb.
     0 | D:1      | Reached XP level 1. HP: 14/14 MP: 1/1
   348 | D:1      | Reached XP level 2. HP: 15/19 MP: 2/2
   785 | D:1      | Reached XP level 3. HP: 23/23 MP: 3/3
  1403 | D:2      | Reached skill level 4 in Shields
  1403 | D:2      | Reached XP level 4. HP: 22/29 MP: 4/4
  1785 | D:2      | Reached XP level 5. HP: 33/33 MP: 5/5
  2382 | D:3      | Noticed Jessica
  2385 | D:3      | Killed Jessica
  2440 | D:3      | Noticed Sigmund
  2464 | D:3      | Killed Sigmund
  2464 | D:3      | Reached skill level 5 in Shields
  2464 | D:3      | Reached XP level 6. HP: 15/38 MP: 6/6
  3452 | D:3      | Noticed Natasha
  3463 | D:3      | Killed Natasha
  3463 | D:3      | Reached XP level 7. HP: 42/44 MP: 7/7
  3573 | D:3      | Noticed Natasha
  3575 | D:3      | Killed Natasha
  3612 | D:3      | Noticed Natasha
  3621 | D:3      | Killed Natasha
  4050 | D:4      | Noticed Robin
  4080 | D:4      | Killed Robin
  4205 | D:4      | Slain by an ogre

Levels and vault maps discovered:
D:1:      psy_arrival_spokes, layout_loops_corners, minmay_misc_feat_plants
D:2:      layout_basic, minmay_pentomino_r4
D:3:      layout_basic, uniq_sigmund, uniq_jessica, uniq_natasha
D:4:      layout_loops_corners, first_ration, uniq_duvessa, uniq_robin

Skill      XL: |  1  2  3  4  5 |
---------------+----------------+-----
Maces & Flails | 3 4 |  4.6
Shields        | 4 5 |  5.7
Armour         | 4 |  4.6
Fighting       | 4 |  4.6

Action                   |  1- 3 |  4- 6 |  7- 9 || total
-------------------------+-------+-------+-------++-------
Melee: Flail             |   113 |   207 |    43 ||   363
Throw: Javelin           |       |    10 |     7 ||    17
  Use: Scroll            |       |     2 |     4 ||     6
       Potion            |       |     1 |       ||     1
  Eat: Chunk             |     2 |     7 |     2 ||    11
Armor: Scale mail        |    68 |   123 |    20 ||   211
Dodge: Dodged            |    27 |    65 |     5 ||    97
Block: Kite shield       |    61 |   114 |    24 ||   199

Table legend:
 A = Non-vault XP
 B = Vault XP
 C = Vault XP percentage of total XP
 D = Non-vault monster count
 E = Vault monster count
 F = Vault count percentage of total count
                 A         B        C        D         E       F
            +---------+---------+-------+---------+---------+-------
      Total |     397 |     347 |  46.6 |      79 |      15 |  16.0
            +---------+---------+-------+---------+---------+-------
        D:1 |      39 |       0 |   0.0 |      22 |       0 |   0.0
        D:2 |     122 |      20 |  14.1 |      25 |       4 |  13.8
        D:3 |     233 |     299 |  56.2 |      31 |       3 |   8.8
        D:4 |       3 |      28 |  90.3 |       1 |       8 |  88.9
            +---------+---------+-------+---------+---------+-------
